 Dungeon Crawl Stone Soup version 0.21.1-1-g345015f (webtiles) character file.

20 prawnwizard the Digger (level 2, 0/15 HPs)
             Began as a Gargoyle Earth Elementalist on July 6, 2018.
             Slain by a bat (1 damage)
             ... on level 1 of the Dungeon.
             The game lasted 00:01:39 (819 turns).

prawnwizard the Digger (Gargoyle Earth Elementalist) Turns: 819, Time: 00:01:40

Health: 0/15       AC:  4    Str: 11    XL:     2   Next: 79%
Magic:  5/5        EV: 12    Int: 15    God:
Gold:   58         SH:  0    Dex: 10    Spells: 5/6 levels left

rFire    . . .     SeeInvis .   l - +0 dagger (flame)
rCold    . . .     Gourm    .   (no shield)
rNeg     + . .     Faith    .   c - +0 robe
rPois    ∞         Spirit   .   (no helmet)
rElec    +         Reflect  .   (no cloak)
rCorr    .         Harm     .   (no gloves)
MR       .....                  (no boots)
Stlth    ++........             (no amulet)
HPRegen  0.05/turn              (no ring)
MPRegen  0.09/turn              (no ring)

@: no status effects
A: negative energy resistance 1, electricity resistance, unbreathing,
petrification resistance, rot immunity, AC +2
a: no special abilities


You were on level 1 of the Dungeon.
You were not hungry.

You visited 1 branch of the dungeon, and saw 1 of its levels.

You collected 58 gold pieces.

Inventory:

Hand Weapons
 l - a +0 dagger of flaming (weapon)
Missiles
 b - 35 stones (quivered)
Armour
 c - a +0 robe (worn)
Scrolls
 a - a scroll of remove curse
 i - a scroll of noise {unknown}
 j - a scroll of amnesia {unknown}
Potions
 f - a potion of resistance {unknown}
 g - 2 potions of curing {unknown}
 h - a potion of lignification {unknown}
Books
 e - a book of Geomancy

   Spells                             Type                      Level
   a - Sandblast                      Earth                        1
   b - Passwall                       Transmutation/Earth          2
   c - Stone Arrow                    Conjuration/Earth            3
   d - Petrify                        Transmutation/Earth          4
   e - Lee's Rapid Deconstruction     Earth                        5
Comestibles
 d - 4 rations
 k - 9 chunks of flesh


   Skills:
 - Level 1.5 Dodging
 - Level 2.1 Stealth
 + Level 2.5 Spellcasting
   Level 0.7 Transmutations
 + Level 4.2 Earth Magic


You had 5 spell levels left.
You knew the following spells:

 Your Spells              Type           Power        Failure   Level  Hunger
a - Sandblast             Erth           ##....       3%          1    #......


Dungeon Overview and Level Annotations

Branches:
Dungeon (1/15)

Altars:


Innate Abilities, Weirdness & Mutations

You are resistant to torment.
Your stone body is resilient. (AC +2)
You are immune to poison.
You resist negative energy. (rN+)
You are resistant to electric shocks. (rElec)
You can survive without breathing.
You are immune to petrification.
You are immune to rotting.


Message History

The kobold burns you.
* * * LOW HITPOINT WARNING * * *
The hobgoblin barely misses you. The jackal bites you.
* * * LOW HITPOINT WARNING * * *
The bat hits you but does no damage.
The jackal bites you but does no damage.
The bat hits you.
* * * LOW HITPOINT WARNING * * *
The bat hits you but does no damage.
You miss the bat. The bat misses you. The bat closely misses you.
You barely miss the bat. The bat hits you but does no damage.
The bat closely misses you.
You hit the jackal but do no damage. The bat barely misses you.
The jackal barely misses you. The jackal closely misses you.
You barely miss the jackal. The bat barely misses you. The jackal bites you.
* * * LOW HITPOINT WARNING * * *
The bat closely misses you.
You closely miss the jackal. The bat hits you.
You die...

..#..)..#...# #......
##..#...#...# ..#
....... ...##....#.##
..# .......
#####..#...# ..#
...).). ...........#
#.# .......
..#######...# #.#
###.(..... .. #.....
#.###.........
#....###b##hw#.......
#.......@hKg##b......
#.....##.#### .......
.. ...... #.# .......
.. ...... #)# .......
.# #.(.. #.# #......
.## #....# #.# #.....
..# #.....##.# ..#
#.#......#
..#######.......##


You could see a dart slug, 2 jackals, a hobgoblin, a bat and a kobold.

Vanquished Creatures
  A bat (D:1)
  2 goblins (D:1)
  4 hobgoblins (D:1)
  2 jackals (D:1)
  5 kobolds (D:1)
  3 frilled lizards (D:1)
  A rat (D:1)
18 creatures vanquished.

Notes
Turn   | Place    | Note
-------+----------+-------------------------------------------
     0 | D:1      | prawnwizard the Gargoyle Earth Elementalist began the quest for the Orb.
     0 | D:1      | Reached XP level 1. HP: 10/10 MP: 3/3
   302 | D:1      | Reached XP level 2. HP: 15/15 MP: 1/5
   318 | D:1      | Reached skill level 4 in Earth Magic
   819 | D:1      | Slain by a bat

Skill      XL: |  1  2 |
---------------+-------+-----
Earth Magic    | 4 |  4.2
Dodging        | |  1.5
Stealth        | |  2.1
Spellcasting   | |  2.5
Transmutations | |  0.7

Action                   || total
-------------------------++-------
Melee: Unarmed           ||    23
       Dagger            ||    51
 Cast: Sandblast         ||     8
  Use: Scroll            ||     1
Armor: Robe              ||    26
Dodge: Dodged            ||    60
